Map: Romantyzm ER

Players

Life - Winner!

  • Race: Zerg Zerg
  • League: Platinum
  • Spawn Location: 11:00

sdk

  • Race: Zerg Zerg
  • League: Gold
  • Spawn Location: 5:00

VOD

Have the link to the VOD?

Description

Time

  • Played on: Dec. 7, 2020, 6:54 a.m.
  • Length: 25:20
Show
View Real Time Build Order
Export as new Build Order

Life Zerg - Winner!

Build Orders: Hatch First, Muta Ling Bane 

Get SALT Encoding   

  12  0:03  Drone  
  13  0:13  Overlord  
  13  0:18  Drone  
  14  0:35  Drone x2  
  16  0:54  Drone  
  17  0:57  Hatchery  
  17  0:59  Drone  
  17  1:00  Drone  
  18  1:09  Drone  
  19  1:14  Extractor  
  18  1:19  Spawning Pool  
  17  1:27  Evolution Chamber  
  16  1:33  Drone x2  
  18  1:40  Drone  
  19  1:58  Drone  
  20  2:16  Drone x3  
  20  2:19  Queen  
  20  2:20  Queen  
  20  2:22  Drone  
  28  2:26  Metabolic Boost  
  28  2:30  Overlord  
  28  2:34  Overlord x2  
  28  2:44  Overlord  
  29  2:51  Drone  
  29  3:03  Zergling x6  
  27  3:29  Drone x5  
  27  3:32  Zerg Melee Weapons Level 1  
  27  3:33  Drone x6  
  38  3:44  Queen  
  38  3:46  Drone x2  
  42  3:59  Drone x2  
  44  4:07  Overlord x2  
  44  4:08  Overlord  
  44  4:09  Overlord  
  41  4:24  Zergling x4  
  41  4:25  Zergling x4  
  38  4:47  Drone  
  38  4:48  Drone x3  
  38  4:49  Drone x2  
  38  4:52  Extractor  
  43  4:53  Hatchery  
  42  5:03  Lair  
  42  5:05  Extractor, Drone  
  42  5:06  Drone x2  
  44  5:11  Drone  
  44  5:12  Drone  
  46  5:15  Baneling Nest  
  46  5:16  Drone x2  
  47  5:22  Evolution Chamber  
  47  5:24  Roach Warren  
  47  5:26  Zerg Ground Armor Level 1  
  47  5:27  Zergling x4  
  47  5:35  Queen  
  49  5:36  Drone  
  49  5:39  Zergling x2  
  49  5:40  Zergling x8  
  53  6:00  Drone x2  
  53  6:03  Zergling x14  
  62  6:06  Centrifical Hooks  
  62  6:09  Spire  
  62  6:10  Drone  
  62  6:11  Drone  
  63  6:41  Drone  
  63  6:42  Extractor, Drone  
  63  6:43  Drone x2  
  63  6:45  Drone x8  
  65  6:59  Zergling x2  
  65  7:00  Zergling x10  
  70  7:06  Queen  
  72  7:13  Drone  
  73  7:16  Extractor, Evolution Chamber  
  73  7:18  Zergling x12  
  73  7:19  Extractor, Zergling x8  
  79  7:42  Zerg Flyer Weapons Level 1, Mutalisk  
  81  7:45  Overlord x4  
  81  8:04  Mutalisk x2  
  81  8:05  Mutalisk x7, Roach  
  101  8:13  Baneling x3  
  101  8:14  Baneling  
  97  8:46  Drone x2  
  97  8:47  Drone  
  97  8:48  Drone x3  
  103  8:49  Drone x9  
  112  9:18  Hatchery  
  111  9:26  Mutalisk  
  111  9:28  Overlord  
  111  9:29  Overlord x4  
  113  9:36  Zerg Flyer Armor Level 1  
  113  9:38  Zerg Ground Armor Level 2, Zerg Melee Weapons Level 2  
  113  9:39  Infestation Pit  
  112  9:46  Queen  
  112  9:48  Mutalisk x5  
  124  10:32  Drone x6  
  124  10:33  Drone x6  
  134  10:46  Baneling  
  134  10:47  Baneling x13  
  134  10:48  Mutalisk x5  
  134  11:07  Hive  
  135  11:11  Zergling x22  
  135  11:12  Zergling x4  
  142  11:25  Zergling x2  
  142  11:26  Zergling x16  
  142  11:32  Zerg Flyer Weapons Level 2  
  151  11:35  Spire  
  147  12:06  Baneling x3  
  147  12:07  Baneling x11  
  147  12:11  Extractor  
  147  12:13  Extractor, Drone x4  
  147  12:14  Drone x2  
  147  12:15  Drone x3  
  153  12:16  Drone x2  
  153  12:17  Mutalisk, Drone  
  153  12:20  Overlord x2  
  153  12:21  Overlord x2  
  132  13:00  Zergling x24  
  116  13:16  Hatchery  
  116  13:18  Zerg Ground Armor Level 3, Zerg Melee Weapons Level 3  
  115  13:23  Mutalisk x6  
  127  13:31  Adrenal Glands  
  127  13:34  Queen  
  127  13:38  Mutalisk x2  
  135  13:48  Zerg Flyer Armor Level 2  
  133  13:57  Zerg Flyer Weapons Level 3  
  132  14:08  Zergling x32  
  146  14:10  Baneling x9  
  146  14:11  Baneling  
  130  14:26  Drone x2  
  130  14:27  Drone  
  130  14:28  Drone x2  
  130  14:30  Mutalisk  
  136  14:44  Baneling  
  136  14:45  Baneling x6  
  107  14:52  Zergling x2  
  107  14:53  Zergling x16  
  93  15:22  Zergling x18  
  102  15:39  Zergling x2  
  102  15:40  Zergling x4  
  102  15:41  Baneling x6  
  102  15:42  Baneling x3  
  105  15:49  Zergling x2  
  106  15:50  Zergling x4  
  108  16:09  Hatchery, Drone x2  
  109  16:12  Zergling x20  
  119  16:24  Hatchery  
  101  16:41  Zergling x26  
  101  16:46  Baneling x14  
  112  16:59  Mutalisk  
  112  17:00  Mutalisk x5  
  113  17:43  Baneling x3  
  113  17:44  Mutalisk x8, Baneling x7  
  97  17:45  Mutalisk  
  97  17:48  Hatchery  
  105  18:18  Zergling x20  
  112  18:31  Hatchery  
  81  18:56  Zergling x12  
  81  18:57  Zergling x14  
  49  19:31  Zergling x12  
  52  19:40  Zerg Flyer Armor Level 3  
  36  19:56  Zergling x2  
  36  19:57  Zergling x6  
  37  20:05  Queen  
  38  20:31  Zergling x12  
  38  20:34  Queen  
  46  20:42  Zergling x6  
  49  20:47  Hatchery  
  46  20:54  Drone x3  
  49  20:57  Baneling x7  
  49  20:58  Baneling x2  
  49  20:59  Baneling x4  
  49  21:25  Mutalisk x10  
  69  21:42  Zergling x6  
  56  22:10  Zergling x24  
  67  22:19  Extractor  
  67  22:20  Drone x3  
  67  22:21  Extractor  
  67  22:22  Drone x3  
  71  22:27  Queen  
  73  22:34  Baneling x4  
  73  22:35  Baneling x2  
  67  23:23  Zergling x16  
  75  23:31  Baneling  
  75  23:32  Baneling x3  
  75  23:39  Drone  
  77  24:02  Drone  
  77  24:03  Drone x3  
  77  24:07  Baneling x2  
  77  24:08  Baneling  
Show
View Real Time Build Order
Export as new Build Order

sdk Zerg 

Build Orders: Hatch First, Zergling Baneling 

Get SALT Encoding   

  12  0:00  Drone  
  13  0:12  Overlord  
  13  0:16  Drone  
  14  0:31  Drone x2  
  14  0:34  Drone  
  17  0:45  Drone  
  18  0:59  Hatchery  
  17  1:10  Spawning Pool  
  16  1:12  Drone  
  16  1:16  Extractor  
  16  1:18  Drone  
  16  1:20  Drone  
  18  1:28  Drone  
  19  1:49  Overlord  
  19  1:57  Queen  
  19  1:59  Zergling x2  
  22  2:10  Zergling x2  
  22  2:12  Drone x2  
  22  2:15  Queen  
  28  2:22  Drone  
  28  2:24  Metabolic Boost  
  28  2:30  Zergling x2  
  29  2:39  Drone  
  30  2:44  Baneling Nest  
  30  2:47  Zergling x2, Drone  
  30  2:48  Drone  
  32  3:01  Drone  
  32  3:02  Zergling x2  
  34  3:11  Zergling x2  
  34  3:12  Drone  
  36  3:13  Overlord  
  34  3:24  Zergling x2  
  35  3:35  Zergling x2, Drone  
  35  3:39  Baneling x3  
  37  3:45  Overlord  
  37  3:47  Zergling x2, Drone  
  37  3:48  Zergling x2  
  40  3:50  Baneling x2  
  40  3:51  Queen  
  42  4:07  Zergling x2, Drone  
  42  4:08  Drone  
  45  4:11  Baneling  
  45  4:15  Overlord  
  44  4:26  Baneling x2  
  44  4:30  Zergling x4, Drone x2  
  46  4:44  Hatchery  
  44  4:47  Zergling x4, Drone  
  44  4:48  Drone  
  44  4:51  Baneling x2  
  48  5:00  Drone x4  
  48  5:06  Queen, Roach Warren  
  53  5:07  Overlord  
  53  5:14  Extractor  
  52  5:22  Baneling  
  52  5:24  Baneling  
  52  5:27  Drone x3  
  55  5:29  Zergling x6  
  55  5:30  Zergling x2  
  55  5:50  Drone x4  
  55  5:54  Overlord x2  
  59  6:01  Queen  
  61  6:07  Baneling  
  61  6:08  Baneling  
  61  6:11  Baneling  
  61  6:13  Zergling x4, Drone x2  
  61  6:14  Roach x3  
  61  6:18  Lair  
  71  6:23  Evolution Chamber, Roach  
  71  6:24  Roach x3  
  78  6:35  Spine Crawler  
  75  7:00  Baneling  
  75  7:01  Baneling  
  74  7:11  Drone  
  74  7:12  Roach x4, Drone x3  
  74  7:13  Roach, Drone  
  89  7:26  Zerg Missile Weapons Level 1  
  89  7:27  Extractor  
  88  7:33  Queen, Extractor  
  88  7:34  Hydralisk Den  
  86  7:39  Zergling x8  
  86  7:41  Overlord x3  
  89  8:03  Baneling x3  
  90  8:05  Drone x2  
  90  8:06  Drone  
  90  8:07  Overlord  
  90  8:08  Overlord x2  
  90  8:09  Pneumatized Carapace  
  92  8:31  Grooved Spines  
  91  8:38  Extractor  
  88  8:41  Overlord  
  88  8:46  Hydralisk x6  
  100  8:49  Spore Crawler  
  100  8:53  Queen  
  100  8:54  Spore Crawler  
  100  8:56  Spore Crawler  
  100  8:58  Drone x2  
  100  8:59  Spore Crawler  
  100  9:02  Spore Crawler  
  99  9:06  Queen, Spore Crawler  
  99  9:07  Spore Crawler  
  99  9:09  Overlord x3  
  99  9:24  Hydralisk x8  
  115  9:34  Drone  
  115  9:35  Drone x9  
  115  9:36  Hydralisk x2  
  129  9:50  Drone x2  
  129  9:51  Hydralisk x4  
  139  10:14  Drone x2  
  139  10:17  Hydralisk  
  139  10:18  Hydralisk x6  
  153  10:36  Extractor, Zergling x4  
  153  10:37  Overlord x5  
  154  10:57  Muscular Augments, Glial Reconstitution  
  154  11:00  Zerg Missile Weapons Level 2  
  154  11:11  Drone x2  
  154  11:12  Drone x3  
  154  11:16  Hatchery, Queen  
  152  11:34  Zergling x18  
  152  11:35  Zergling x6  
  164  12:17  Spore Crawler  
  159  12:38  Hatchery  
  143  13:12  Hydralisk  
  103  13:13  Hydralisk x17  
  103  13:14  Zergling x14  
  103  13:15  Zergling x10  
  151  13:36  Overseer x2  
  151  13:40  Overlord  
  151  13:41  Overlord x3  
  151  13:43  Zergling x10  
  142  14:25  Roach  
  142  14:26  Roach x12  
  168  14:37  Spore Crawler  
  150  14:59  Overseer  
  150  15:00  Overseer  
  150  15:04  Hydralisk, Roach  
  150  15:05  Hydralisk x5, Roach x5  
  150  15:06  Hydralisk, Roach x5  
  182  15:16  Hydralisk x2, Roach  
  182  15:17  Roach x2  
  182  15:18  Queen  
  182  15:21  Unknown  
  183  15:35  Zerg Ground Armor Level 1  
  183  15:42  Infestation Pit  
  183  15:50  Zergling x28  
  196  15:59  Zergling x2  
  196  16:00  Zergling x6  
  164  16:42  Hydralisk x13  
  164  16:43  Hydralisk x11  
  198  16:47  Queen  
  198  17:04  Zergling x2  
  198  17:05  Zergling x4  
  127  17:25  Zergling x2  
  127  17:26  Zergling x34  
  143  17:32  Zergling x8  
  143  17:56  Zergling x20  
  151  18:04  Baneling x7  
  137  18:18  Baneling x5  
  118  18:20  Roach x7  
  130  18:45  Hydralisk x2  
  118  18:57  Extractor  
  118  19:00  Hatchery  
  105  19:13  Hydralisk x5  
  105  19:14  Hydralisk  
  86  19:32  Zergling x2  
  86  19:33  Zergling x12  
  91  19:47  Hydralisk x2  
  89  19:58  Hydralisk  
  89  19:59  Roach  
  81  20:05  Drone x2  
  83  20:10  Baneling x4  
  83  20:36  Hydralisk x2, Roach  
  83  20:37  Roach x2  
  88  20:59  Roach x6  
  100  21:08  Drone x4  
  104  21:20  Queen  
  106  21:46  Hatchery  
  67  22:09  Hydralisk x10  
  67  22:11  Zergling x4  
  83  22:26  Hydralisk  
  83  22:27  Hydralisk, Zergling x6  
  83  22:28  Zergling x2  
  91  22:42  Baneling  
  91  22:43  Baneling x3  
  75  23:12  Hydralisk x10  
  91  23:21  Drone x2  
  89  23:43  Hatchery  
  88  23:48  Zergling x2  
  88  23:49  Zergling x2  
  90  24:06  Overseer  
  90  24:08  Drone x5  
  90  24:09  Drone  
  96  24:22  Zergling x10  
  100  24:50  Zergling x2  
  100  24:51  Zergling x22  
  93  24:59  Zergling x6  
Tags
 
Add a new tag
Caveats
  • Supply blocks, unpowered buildings, or Contaminate may cause inaccurate times.
  • Supply counts are checked every 10 seconds.